 Dungeon Crawl Stone Soup version 0.28.0-53-g5a82cb258f (webtiles) character file.

Game seed: 11547197147595417637

77 Infinimo the Cudgeller (level 4, -7/48 HPs)
             Began as an Ogre Gladiator on May 30, 2022.
             Was an Initiate of Okawaru.
             Mangled by an iguana (12 damage)
             ... on level 3 of the Dungeon.
             The game lasted 00:03:24 (3323 turns).

Infinimo the Cudgeller (Ogre Gladiator)             Turns: 3323, Time: 00:03:25

Health: -7/48      AC:  3    Str: 20    XL:     4   Next: 34%
Magic:  4/4        EV: 10    Int:  9    God:    Okawaru [......]
Gold:   147        SH:  0    Dex: 10    Spells: 3/3 levels left

rFire   . . .      SeeInvis .   a - +0 flail
rCold   . . .      Faith    .   (no shield)
rNeg    . . .      Spirit   .   b - +0 robe
rPois   .          Reflect  .   c - +0 hat
rElec   .          Harm     .   (no cloak)
rCorr   .          Rampage  .   (gloves unavailable)
Will    .....                   (boots unavailable)
Stlth   +.........              (no amulet)
HPRegen 0.16/turn               (no ring)
MPRegen 0.09/turn               (no ring)

@: no status effects
A: large, unfitting armour, tough skin 1
a: Renounce Religion


You were on level 3 of the Dungeon.
You worshipped Okawaru.
Okawaru was noncommittal.
You visited 2 branches of the dungeon, and saw 5 of its levels.

You collected 169 gold pieces.
You spent 22 gold pieces at shops.

Inventory:

Hand Weapons
 a - a +0 flail (weapon)
Missiles
 d - 3 throwing nets (quivered)
Armour
 b - a +0 robe (worn)
 c - a +0 hat (worn)
Jewellery
 g - a ring of ice
 h - an amulet of magic regeneration
 l - the ring of Youthful Indiscretion {Ice Will+ Dex+2 SInv Stlth+}
   (You found it on level 2 of the Dungeon)

   [ring of ice]

   It enhances your ice magic.
   Dex:       It affects your dexterity (+2).
   rF:        It makes you vulnerable to fire.
   rC:        It protects you from cold.
   SInv:      It lets you see invisible.
   Will:      It increases your willpower.
   Stlth:     It makes you more stealthy.
Scrolls
 e - a scroll of identify
 f - a scroll of blinking
 m - a scroll of teleportation {unknown}
 n - 2 scrolls of amnesia {unknown}
 o - 3 scrolls of enchant weapon {unknown}
 p - a scroll of noise {unknown}
Potions
 i - a potion of heal wounds {unknown}
 j - a potion of attraction {unknown}
 k - a potion of flight {unknown}
 q - a potion of resistance {unknown}
 r - a potion of might {unknown}
 s - a potion of curing {unknown}


   Skills:
 + Level 3.7 Fighting
 * Level 3.7 Maces & Flails
 - Level 2.0 Throwing
 + Level 3.2 Dodging


You had 3 spell levels left.
You didn't know any spells.
Your spell library was empty.

Dungeon Overview and Level Annotations

Branches:
Dungeon (4/15)             Temple (1/1) D:4

Altars:
Ashenzari
Dithmenos
Elyvilon
Hepliaklqana
Makhleb
Okawaru
Qazlal
Trog
Uskayaw
Vehumet
Wu Jian
Xom
Yredelemnul
Zin
The Shining One

Shops:
D:1 ?


Innate Abilities, Weirdness & Mutations

You are too large for most types of armour.
You have tough skin. (AC +1)


Message History

The iguana barely misses you.
You hit the iguana.
The iguana is severely wounded.
The iguana barely misses you.
You hit the iguana but do no damage.
The iguana is severely wounded.
The iguana bites you! x2
* * * LOW HITPOINT WARNING * * *
You are too injured to fight recklessly!
You are too injured to fight recklessly!
You are too injured to fight recklessly!
You are too injured to fight recklessly!
You are too injured to fight recklessly!
You are too injured to fight recklessly!
You are too injured to fight recklessly!
You are too injured to fight recklessly!
You are too injured to fight recklessly!
You are too injured to fight recklessly!
You are too injured to fight recklessly!
You are too injured to fight recklessly!
You are too injured to fight recklessly!
You are too injured to fight recklessly!
Okay, then.
You hit the iguana.
The iguana is severely wounded.
The iguana bites you.
* * * LOW HITPOINT WARNING * * *
You closely miss the iguana.
The iguana is severely wounded.
The iguana barely misses you.
You hit the iguana but do no damage.
The iguana is severely wounded.
The iguana bites you but does no damage.
You barely miss the iguana.
The iguana is severely wounded.
The iguana barely misses you.
You completely miss the iguana.
The iguana is severely wounded.
The iguana bites you!
You die...

.......###.# #..(...##
♣.8.♣......#####.#.#...#
##########.....#.#####'#######
#####.#.##§≈≈.§≈≈#..#
#.#..#≈.....≈##.#
#########.####≈..8.§≈##.#
#.........##.'(....§§§..#
#.##########.#≈§.8.^≈#..# #.#
#......@.#§§....≈##.#
######'###......l.#§≈≈.§≈≈##.#
........÷'........####§####..#
........##........#..#.#.#####
........######'####..#.#.#
........# #....#..###.#
........# #######.#..#...#
######### #.....#.#..#.###
###.###.#....#.#


You could see an iguana.

Vanquished Creatures
  2 worms (D:2)
  4 bats
  2 endoplasms
  6 giant cockroaches
  8 goblins
  3 hobgoblins
  8 jackals
  10 kobolds
  3 quokkas
  8 ball pythons
  3 frilled lizards
  5 rats
62 creatures vanquished.

Notes
Turn   | Place    | Note
-------+----------+-------------------------------------------
     0 | D:1      | Infinimo the Ogre Gladiator began the quest for the Orb.
     0 | D:1      | Reached XP level 1. HP: 22/22 MP: 1/1
    96 | D:1      | Reached XP level 2. HP: 31/31 MP: 2/2
   330 | D:1      | Reached XP level 3. HP: 32/37 MP: 3/3
   540 | D:1      | Found Ogit's Magic Scroll Shoppe.
   543 | D:1      | Bought a scroll of identify for 22 gold pieces
  1186 | D:2      | Identified the ring of Youthful Indiscretion {Ice Will+
                  | Dex+2 SInv Stlth+}
  1934 | D:3      | Reached XP level 4. HP: 42/45 MP: 4/4
  2552 | D:4      | Found a staircase to the Ecumenical Temple.
  2724 | Temple   | Entered the Ecumenical Temple
  2744 | Temple   | Became a worshipper of Warmaster Okawaru
  2875 | D:4      | Noticed an ogre
  3323 | D:3      | Mangled by an iguana

Illustrated notes

Levels and vault maps discovered:
D:1:      psy_arrival_basics, layout_loops_ring, serial_shops,
          nicolae_shop_statue_plus
D:2:      layout_loops_ring, hex_medium
D:3:      layout_basic, small_statue_intersection, chequers_avenue,
          kennysheep_generic_room_11
D:4:      layout_loops_ring, minmay_temple_entry_trees
Temple:   minmay_freezing_vapour_temple

Skill      XL: |  1  2 |
---------------+-------+-----
Fighting       | 3 |  3.7
Maces & Flails | 3 |  3.7
Dodging        | 3 |  3.2
Throwing       | |  2.0

Action                   |  1- 3 |  4- 6 || total
-------------------------+-------+-------++-------
Melee: Flail             |   109 |    75 ||   184
  Use: Scroll            |     1 |       ||     1
 Stab: Sleeping          |     2 |       ||     2
Armor: Robe              |    27 |    22 ||    49
Dodge: Dodged            |    60 |    49 ||   109
